 Dungeon Crawl Stone Soup version 0.31-a0-640-g39d97e502b (webtiles) character file.

Game seed: 7442611590005884813

76 qw the Shooter (level 4, -5/28 HPs)
             Began as a Gargoyle Hunter on Aug 27, 2023.
             Slain by an iguana (11 damage)
             ... on level 3 of the Dungeon.
             The game lasted 00:00:33 (1433 turns).

qw the Shooter (Gargoyle Hunter)                    Turns: 1433, Time: 00:00:33

Health: -5/28      AC:  8    Str: 14    XL:     4   Next: 32%
Magic:  4/4        EV: 10    Int: 10    God:
Gold:   180        SH:  0    Dex: 15    Spells: 3/3 levels left

rFire   . . .        Y - +0 shortbow
rCold   . . .        (shield currently unavailable)
rNeg    + . .        h - +0 ring mail
rPois   inf          (no helmet)
rElec   +            (no cloak)
rCorr   .            (no gloves)
SInv    .            (no boots)
Will    .....        f - amulet of faith
Stlth   +            (no ring)
HPRegen 0.24/turn    (no ring)
MPRegen 0.09/turn

%: faith
@: about to teleport
A: sickness immunity, AC +3, negative energy resistance 1, electricity
resistance, torment resistance 1, petrification resistance
a: no special abilities


You were on level 3 of the Dungeon.
You visited 1 branch of the dungeon, and saw 3 of its levels.

You collected 180 gold pieces.


Innate Abilities, Weirdness & Mutations

You are immune to sickness and miasma.
Your stone body is resilient. (AC +3)
You are immune to poison.
You resist negative energy. (rN+)
You are resistant to electric shocks. (rElec)
You are resistant to unholy torment.
You are immune to petrification.


   Skills:
 - Level 3.1 Fighting
 + Level 5.1 Ranged Weapons
 - Level 1.0 Armour
 - Level 1.5 Dodging
 - Level 1.1 Stealth


You had 3 spell levels left.
You didn't know any spells.
Your spell library was empty.

Inventory:

Hand Weapons
 Y - a +0 shortbow (weapon)
Armour
 h - a +0 ring mail (worn)
Jewellery
 f - an amulet of faith (around neck)
Scrolls
 a - a scroll of teleportation
 c - a scroll of identify
Potions
 b - a potion of might {unknown}
 d - a potion of attraction {unknown}
 e - a potion of enlightenment
 g - a potion of curing {unknown}
 i - a potion of invisibility {unknown}

Dungeon Overview and Level Annotations

Branches:
Dungeon (3/15)

Altars:


Message History

The ball python constricts you.
You shoot an arrow. The arrow hits the ball python!
You kill the ball python!
You see here a ball python corpse.
You now have 180 gold pieces (gained 6).
You float gracefully downwards.
b - a yellow potion Your enlightenment fades.
You see here a ball python corpse.
Found a rapier.
You see here a +0 rapier.
An iguana comes into view.
You shoot an arrow. The arrow hits the iguana.
The iguana hisses angrily.
The iguana is moderately wounded.
You shoot an arrow. The arrow hits the iguana.
The iguana is heavily wounded.
The iguana bites you!
You shoot an arrow.
The arrow hits the iguana but does no damage.
The iguana is heavily wounded.
The iguana barely misses you.
The iguana hisses menacingly.
The iguana closely misses you.
You shoot an arrow. The arrow barely misses the iguana.
The iguana barely misses you.
You shoot an arrow. The arrow completely misses the iguana.
The iguana bites you!
You shoot an arrow.
The arrow hits the iguana but does no damage.
The iguana is heavily wounded.
The iguana bites you but does no damage.
You shoot an arrow. The arrow hits the iguana.
The iguana is severely wounded.
The iguana barely misses you. The iguana bites you!
1433 ||| READING 2 scrolls of teleportation.
As you read the scroll of teleportation, it crumbles to dust.
You feel strangely unstable. The iguana bites you!
You die...

############
#...........
#...######## #####
.##...### #...
......%<########.#
...............)@#
........#########l...#
.##...### .#### .
#...# .# ##### .# .#
.. ..


You could see an iguana.

Vanquished Creatures
  A gnoll (D:1)
  2 adders (D:2)
  2 worms (D:2)
  2 dart slugs
  5 ball pythons
  3 endoplasms
  3 giant cockroaches
  3 goblins
  4 hobgoblins
  4 kobolds
  A quokka (D:2)
  3 bats
  3 frilled lizards (D:2)
  2 rats (D:2)
38 creatures vanquished.

Notes
Turn   | Place    | Note
-------+----------+-------------------------------------------
     0 | D:1      | qw the Gargoyle Hunter began the quest for the Orb.
     0 | D:1      | Reached XP level 1. HP: 12/12 MP: 1/1
     0 | D:1      | 0 ||| qw: Version: 0.3-a-74-g0d5e918
     0 | D:1      | 0 ||| qw: Game counter: 180
     0 | D:1      | 0 ||| qw: Melee chars always use a shield: true
     0 | D:1      | 0 ||| qw: God list: Okawaru
     0 | D:1      | 0 ||| qw: Allow faded altars: false
     0 | D:1      | 0 ||| qw: Do Orc after clearing Dungeon:15 true
     0 | D:1      | 0 ||| qw: Do second Lair branch before Depths: true
     0 | D:1      | 0 ||| qw: Lair rune preference: random
     0 | D:1      | 0 ||| qw: Goals: Normal
     0 | D:1      | 0 ||| PLANNING D:1-11
    98 | D:1      | Reached XP level 2. HP: 17/17 MP: 2/2
   339 | D:1      | Reached XP level 3. HP: 19/21 MP: 3/3
   637 | D:1      | 637 ||| UPGRADING to +0 ring mail.
   647 | D:1      | 647 ||| DROPPING +0 leather armour.
   648 | D:1      | 648 ||| UPGRADING to amulet of faith.
   653 | D:1      | 653 ||| READING 2 scrolls labelled MUTUICL OCHAL.
   657 | D:1      | 657 ||| READING scroll labelled XOYRRIDGHAD.
   658 | D:1      | 658 ||| DROPPING scroll of butterflies.
   683 | D:2      | 683 ||| STAIRDANCE
   731 | D:2      | Reached skill level 1 in Armour
   735 | D:2      | Reached skill level 5 in Ranged Weapons
   929 | D:2      | Reached skill level 3 in Fighting
   929 | D:2      | Reached XP level 4. HP: 22/28 MP: 4/4
  1352 | D:2      | 1352 ||| READING scroll labelled SIUBUF OVAWK.
  1353 | D:2      | 1353 ||| DRINKING 2 red potions.
  1432 | D:3      | HP: 6/28 [iguana (9)]
  1433 | D:3      | 1433 ||| READING 2 scrolls of teleportation.
  1433 | D:3      | Slain by an iguana

Levels and vault maps discovered:
D:1:      scummos_arrival_checkerplants, layout_loops_ring, minmay_pentomino_z2
D:2:      layout_loops_ring
D:3:      layout_loops_ring, marbit_many_paths, lemuel_round_altar

Skill      XL: |  1  2  3 |
---------------+----------+-----
Armour         | 1 |  1.0
Ranged Weapons | 5 |  5.1
Fighting       | 3 |  3.1
Dodging        | |  1.5
Stealth        | |  1.1

Action                     |  1- 3 |  4- 6 || total
---------------------------+-------+-------++-------
   Fire: Shortbow          |    98 |    40 ||   138
    Use: Scroll            |     2 |     2 ||     4
         Potion            |       |     1 ||     1
 Armour: Leather armour    |    10 |       ||    10
         Ring mail         |    28 |     6 ||    34
  Dodge: Dodged            |    29 |     9 ||    38

Table legend:
 A = Non-vault XP
 B = Vault XP
 C = Vault XP percentage of total XP
 D = Non-vault monster count
 E = Vault monster count
 F = Vault count percentage of total count
                 A         B        C        D         E       F
            +---------+---------+-------+---------+---------+-------
      Total |     107 |       2 |   1.8 |      37 |       1 |   2.6
            +---------+---------+-------+---------+---------+-------
        D:1 |      40 |       2 |   4.8 |      14 |       1 |   6.7
        D:2 |      66 |       0 |   0.0 |      22 |       0 |   0.0
        D:3 |       1 |       0 |   0.0 |       1 |       0 |   0.0
            +---------+---------+-------+---------+---------+-------
